 Dungeon Crawl Stone Soup version 0.13-a0-2584-g2e76cfd (webtiles) character file.

34310 ggjj the Archer (level 13, -2/86 HPs)
             Began as a Mummy Hunter on July 31, 2013.
             Was a High Priest of Okawaru.
             Slain by an elephant (14 damage)
             ... on Level 7 of the Lair of Beasts on Aug 1, 2013.
             The game lasted 01:01:35 (31446 turns).

ggjj the Archer (Mummy Hunter)                     Turns: 31446, Time: 01:01:35

HP  -2/86        AC 18     Str 18      XL: 13   Next: 35%
MP  24/24        EV 17     Int 22      God: Okawaru [*****.]
Gold 1067        SH  0     Dex 12      Spells:  3 memorised, 10 levels left

Res.Fire  : x . .   See Invis. : .   b - +3,+0 longbow (flame)
Res.Cold  : + . .   Warding    : .   T - +2 leather armour of the Bull {Str+3 Int+4 Life Prot.: + + + Conserve : + (no shield)
Res.Poison: +       Res.Corr.  : .   w - +2 dwarf helmet {Int+3}
Res.Elec. : .       Clarity    : .   I - +1 cloak
Sust.Abil.: . .     Spirit.Shd : .   x - +1 pair of gauntlets
Res.Mut.  : .       Stasis     : .   (no boots)
Res.Rott. : +       Flight     : .   n - amulet of conservation
Saprovore : . . .                    v - +5 ring of protection
                                     m - cursed +1 ring of intelligence

@: heroism, quite resistant to hostile enchantments, stealthy
A: no food or potions, fire vulnerability, in touch with death, restore body,
cold resistance 1, life protection 3, poison resistance, torment resistance,
unbreathing
a: Self-Restoration, Heroism, Finesse, Renounce Religion


You were on level 7 of the Lair of Beasts.
You worshipped Okawaru.
Okawaru was exalted by your worship.
You were not hungry.

You visited 3 branches of the dungeon, and saw 22 of its levels.

You collected 1110 gold pieces.
You spent 63 gold pieces at shops.

Inventory:

Hand weapons
 a - a +3,+2 mace of draining
 b - a +3,+0 longbow of flame (weapon)
 g - a +1,+1 bow
 B - a +0,+3 flail of protection
 Y - a +3,+2 longbow of frost
Missiles
 V - an arrow of flame (quivered)
Armour
 d - a +0 leather armour
 w - a +2 dwarven helmet of intelligence (worn)
 x - a +1 pair of gauntlets (worn)
 z - a +0 robe of positive energy
 C - the +3 leather armour "Femmaar" {Dex+2 Int+3}
   (You found it on level 3 of the Lair of Beasts)

   It affects your intelligence (+3).
   It affects your dexterity (+2).
 G - a +1 leather armour of fire resistance
 I - a +1 cloak (worn)
 R - a +1 pair of gloves
 T - the +2 leather armour of the Bull (worn) {Str+3 Int+4}
   (You found it on level 11 of the Dungeon)

   It affects your strength (+3).
   It affects your intelligence (+4).
Magical devices
 c - a wand of digging (0)
 j - a wand of lightning (0)
 u - a wand of enslavement (4)
 F - a wand of paralysis (2)
 H - a wand of random effects (9)
 L - a wand of enslavement (0)
 O - a wand of draining (0)
 X - a wand of disintegration (4)
Scrolls
 f - a scroll of curse armour
 h - 8 scrolls of remove curse
 i - a scroll of curse jewellery
 k - 16 scrolls of identify
 p - a scroll of magic mapping
 r - a scroll of enchant weapon II
 s - 3 scrolls of recharging
Jewellery
 e - an uncursed amulet of resist corrosion
 l - an uncursed ring of protection from cold
 m - a cursed +1 ring of intelligence (left hand)
 n - an amulet of conservation (around neck)
 o - an uncursed amulet of faith {unknown}
 v - a +5 ring of protection (right hand)
 y - an uncursed amulet of resist mutation
 A - an uncursed ring of poison resistance
 D - an uncursed ring of positive energy
 W - a cursed ring of magical power
Books
 t - a book of the Sky

   Spells                             Type                      Level
   Flight                             Charms/Air                   3
   Airstrike                          Air                          4
   Silence                            Hexes/Air                    5
   Deflect Missiles                   Charms/Air                   6
   Conjure Ball Lightning             Conjuration/Air              7
   Tornado                            Air                          9
 M - a book of Control

   Spells                             Type                      Level
   Control Teleport                   Charms/Translocation         4
   Control Undead                     Necromancy                   4
   Enslavement                        Hexes                        4
   Mass Confusion                     Hexes                        6
   Metabolic Englaciation             Hexes/Ice                    6
 N - a book of Death

   Spells                             Type                      Level
   Corpse Rot                         Necromancy                   2
   *Sublimation of Blood              Necromancy                   2
   *Agony                             Necromancy                   5
   *Dispel Undead                     Necromancy                   5
   Excruciating Wounds                Charms/Necromancy            5
   Bolt of Draining                   Conjuration/Necromancy       6
 Z - a book of Battle

   Spells                             Type                      Level
   Infusion                           Charms                       1
   Shroud of Golubria                 Charms/Translocation         2
   Song of Slaying                    Charms                       2
   Spectral Weapon                    Hexes/Charms                 3
   Regeneration                       Charms/Necromancy            3
   Song of Shielding                  Charms                       4
Miscellaneous
 q - a stone of tremors (inert)


   Skills:
 - Level 2.8(7.8) Fighting
   Level 0.1(5.1) Short Blades
 - Level 8.0(13.0) Maces & Flails
 - Level 13.6(18.6) Bows
 - Level 0.2(5.2) Armour
 + Level 7.0(12.0) Dodging
 - Level 0.7(5.7) Stealth
 - Level 5.3 Spellcasting
 - Level 8.6 Necromancy


You had 10 spell levels left.
You knew the following spells:

 Your Spells              Type           Power        Failure   Level  Hunger
a - Sublimation of Blood  Necr           ######....   1%          2    N/A
b - Agony                 Necr           ######..     12%         5    N/A
c - Dispel Undead         Necr           ######..     12%         5    N/A

Dungeon Overview and Level Annotations

Branches:
Dungeon (13/27)            Temple (1/1) D:5             Orc (0/4) D:6
   Lair (8/8) D:13          Swamp (0/5) Lair:6       Spider (0/5) Lair:5
  Slime (0/6) Lair:7

Altars:
Ashenzari
Cheibriados
Elyvilon
Fedhas
Kikubaaqudgha
Makhleb
Nemelex Xobeh
Okawaru
Sif Muna
Trog
Vehumet
Xom
Yredelemnul
Zin
the Shining One

Shops:
D:5: ( D:10: }

Annotations
D:2 Terence
D:7 exclusion: jelly
D:10 exclusion: 2 ice statues
Lair:2 Erica
Lair:4 exclusion: 2 oklob plants
Lair:5 Maud
Lair:6 1 exclusion
Lair:7 exclusion: brown ooze


Innate Abilities, Weirdness & Mutations

You do not eat or drink.
Your flesh is vulnerable to fire.
You are in touch with the powers of death.
You can restore your body by infusing magical energy.
Your flesh is cold resistant.
You are immune to negative energy.
Your system is resistant to poisons.
You are immune to unholy pain and torment.
You can survive without breathing.


Message History

You shoot an arrow of frost. The arrow of frost hits the crocodile.
The crocodile is severely wounded.
The crocodile bites you but does no damage.
Firing (i - inventory. (,) - cycle):
E - 2 arrows of frost (quivered)
Press: ? - help, Shift-Dir - straight line, f/p - elephant
Aim: an elephant (moderately wounded)
You shoot an arrow of frost. The arrow of frost hits the crocodile.
The crocodile is severely wounded.
Firing (i - inventory. (,) - cycle):
E - an arrow of frost (quivered)
Press: ? - help, Shift-Dir - straight line, f/p - elephant
Aim: an elephant (moderately wounded)
You shoot an arrow of frost. The arrow of frost hits the crocodile.
You kill the crocodile!
Okawaru accepts your kill.
The blink frog blinks!
The blink frog closely misses you. The blink frog hits you.
* * * LOW HITPOINT WARNING * * *
The blink frog barely misses you. The elephant tramples you!
You die...

.........!.......................
.................................
.................................
.................................
............................ff...
#.....##..............#.#...#....
##...##................##......%.
#....###.f##....#.........<.f...#
.........###....@##.....JF......#
...>......###...Y#.............##
..........###..F##.###..f.....P.#
#....#.#...###....#.###f.........
#.J..##...# ##....###.fff....f..
##...##....###.#.................
............#.##.................
#..............#.#...............
##....P.......ยง%######..........#


You could see an elephant and a blink frog.

Vanquished Creatures
  6 hydras
  3 death yaks (Lair:8)
  Erolcha (D:9)
  A giant amoeba (Lair:7)
  A centaur warrior (D:12)
  A hill giant (D:10)
  9 elephants (Lair:8)
  5 black mambas
  A griffon (Lair:5)
  Grinder (D:4)
  5 komodo dragons
  A hydra zombie (D:11)
  A two-headed ogre (D:9)
  A boulder beetle (Lair:8)
  9 spiny frogs
  A troll (D:12)
  8 blink frogs
  A basilisk (Lair:3)
  A brown ooze (Lair:7)
  A grizzly bear (Lair:8)
  A wyvern (D:11)
  17 yaks
  Grum (D:8)
  3 hungry ghosts
  3 vampire mosquitoes (Lair:6)
  Edmund (D:8)
  18 wolves
  2 manticores
  10 porcupines
  3 phantoms
  6 orc warriors
  A sky beast (D:10)
  A yellow wasp (D:11)
  6 ogres
  Sigmund (D:5)
  Duvessa (D:6)
  A warg (D:13)
  9 crocodiles
  11 giant frogs
  8 water moccasins
  Blork the orc (D:9)
  2 sharks (Lair:6)
  6 agate snails
  5 hippogriffs
  3 black bears
  4 giant slugs
  5 killer bees (D:10)
  22 wights
  A yak zombie (D:9)
  2 yak skeletons
  An electric eel (Lair:7)
  6 crimson imps
  2 goliath beetles
  2 quasits
  Dowan (D:6)
  3 big kobolds
  10 hounds
  A basilisk zombie (D:12)
  2 scorpions
  7 orc priests
  12 orc wizards
  A two-headed ogre skeleton (D:11)
  3 ice beasts
  6 iguanas
  10 worker ants
  A sky beast zombie (D:10)
  Ijyb (D:4)
  A jelly (D:7)
  2 worker ant zombies
  A giant centipede (Lair:1)
  25 adders
  7 gnolls
  A worm zombie (D:5)
  32 green rats
  2 giant mites
  An inept feature mimic (D:8)
  4 worms
  An adder zombie (D:6)
  6 giant eyeballs
  16 giant geckos
  An ooze (D:4)
  A ball python (D:1)
  26 bats
  7 giant cockroaches
  13 goblins
  11 hobgoblins
  13 jackals
  16 quokkas
  7 giant newts
  A giant spore (D:7)
  2 hobgoblin skeletons (D:5)
  A hobgoblin zombie (D:6)
  27 kobolds
  A kobold zombie (D:5)
  27 orcs
  An orc skeleton (D:6)
  20 rats
  A rat skeleton (D:4)
  A rat zombie (D:8)
  2 ballistomycetes (D:7)
  2 fungi
  3 plants
565 creatures vanquished.

Vanquished Creatures (collateral kills)
  An elephant (Lair:8)
  A giant slug (Lair:6)
  A killer bee (D:10)
  2 orc priests
  5 orcs
  A hobgoblin skeleton (D:8)
  A rat (Lair:6)
12 creatures vanquished.

Vanquished Creatures (others)
  3 fungi
  A plant (Lair:5)
4 creatures vanquished.

Grand Total: 581 creatures vanquished

Notes
Turn   | Place    | Note
--------------------------------------------------------------
     0 | D:1      | ggjj, the Mummy Hunter, began the quest for the Orb.
     0 | D:1      | Reached XP level 1. HP: 16/16 MP: 0/0
   400 | D:1      | Reached XP level 2. HP: 4/22 MP: 1/1
  1056 | D:1      | Reached XP level 3. HP: 11/27 MP: 2/2
  1123 | D:1      | Reached skill level 4 in Bows
  1784 | D:2      | Noticed Terence
  2084 | D:2      | Reached XP level 4. HP: 23/33 MP: 3/3
  3506 | D:3      | Reached skill level 1 in Maces & Flails
  3877 | D:3      | Reached XP level 5. HP: 32/38 MP: 4/4
  4127 | D:4      | Noticed Grinder
  4140 | D:4      | Paralysed by Grinder for 5 turns
  4155 | D:4      | Killed Grinder
  4155 | D:4      | Reached skill level 5 in Bows
  4155 | D:4      | Reached XP level 6. HP: 30/44 MP: 5/5
  5185 | D:4      | Found a sparkling altar of Nemelex Xobeh.
  5271 | D:5      | Entered Level 5 of the Dungeon
  5271 | D:5      | Noticed Ijyb
  5310 | D:4      | Reached skill level 6 in Bows
  5333 | D:4      | Killed Ijyb
  5563 | D:5      | Reached XP level 7. HP: 47/49 MP: 6/6
  5600 | D:5      | Paralysed by a giant eyeball for 2 turns
  5608 | D:5      | Paralysed by a giant eyeball for 3 turns
  5715 | D:5      | Noticed Sigmund
  5720 | D:5      | Killed Sigmund
  5862 | D:5      | Found Roere's Antique Weapon Shoppe.
  5995 | D:5      | Bought a runed flail for 63 gold pieces
  6006 | D:5      | Found a staircase to the Ecumenical Temple.
  6500 | D:5      | Reached skill level 7 in Bows
  6667 | D:6      | Found a staircase to the Orcish Mines.
  6937 | D:6      | Reached XP level 8. HP: 45/56 MP: 7/7
  7108 | Temple   | Entered the Ecumenical Temple
  7389 | Temple   | Became a worshipper of Warmaster Okawaru
  7870 | D:7      | Noticed Duvessa
  7870 | D:7      | Noticed Dowan
  8161 | D:6      | Killed Duvessa
  8275 | D:6      | Killed Dowan
  8347 | D:7      | Reached skill level 8 in Bows
  8764 | D:7      | Reached skill level 5 in Maces & Flails
  9264 | D:8      | Acquired Okawaru's first power
  9264 | D:8      | Reached skill level 9 in Bows
  9264 | D:8      | Reached XP level 9. HP: 61/61 MP: 8/8
  9502 | D:8      | Found a shattered altar of Ashenzari.
  9553 | D:8      | Noticed Grum
  9556 | D:8      | Noticed Edmund
  9568 | D:8      | Grum (ally) was killed
  9568 | D:8      | Your ally died
  9596 | D:8      | Killed Edmund
 10034 | D:9      | HP: 1/61 [ogre/great mace (18)]
 10477 | D:9      | Reached skill level 10 in Bows
 10732 | D:9      | Noticed Erolcha
 10741 | D:9      | Killed Erolcha
 10771 | D:9      | Noticed Blork the orc
 10777 | D:9      | Killed Blork the orc
 11011 | D:9      | Reached XP level 10. HP: 67/67 MP: 9/9
 11859 | D:9      | Reached skill level 11 in Bows
 12156 | D:9      | Paralysed by a giant eyeball for 2 turns
 12159 | D:9      | Paralysed by a giant eyeball for 2 turns
 12343 | D:10     | Entered Level 10 of the Dungeon
 12357 | D:10     | Paralysed by a giant eyeball for 4 turns
 12689 | D:10     | Noticed a hill giant
 12726 | D:10     | Found Ohu Quah's Gadget Shoppe.
 13479 | D:10     | Killed a hill giant
 14355 | D:10     | Noticed an ice statue
 14491 | D:10     | Noticed an ice statue
 14700 | D:11     | Got a smelly leather armour
 14708 | D:11     | Identified the +2 leather armour of the Bull {Str+3 Int+4} (You found it on level 11 of the Dungeon)
 15153 | D:11     | Received a gift from Okawaru
 15365 | D:11     | Reached skill level 12 in Bows
 15709 | D:11     | Noticed a cyclops
 15938 | D:12     | Reached XP level 11. HP: 70/72 MP: 10/10
 16415 | D:12     | Noticed a centaur warrior
 16646 | D:12     | Killed a centaur warrior
 17138 | D:13     | Found a staircase to the Lair.
 17452 | Lair:1   | Entered Level 1 of the Lair of Beasts
 17687 | Lair:1   | Learned a level 2 spell: Sublimation of Blood
 18002 | Lair:1   | Reached skill level 1 in Necromancy
 18046 | Lair:1   | Received a gift from Okawaru
 18417 | Lair:1   | Reached skill level 1 in Spellcasting
 19423 | Lair:2   | Noticed Erica
 19633 | Lair:2   | Noticed a four-headed hydra
 19645 | Lair:2   | Killed a four-headed hydra
 19687 | Lair:2   | Learned a level 5 spell: Agony
 20002 | Lair:3   | Acquired Okawaru's second power
 20092 | Lair:3   | Identified a scroll of acquirement
 20307 | Lair:3   | Got a warped leather armour
 20316 | Lair:3   | Received a gift from Okawaru
 20316 | Lair:3   | Reached skill level 5 in Necromancy
 20432 | Lair:3   | Identified the +3 leather armour "Femmaar" {Dex+2 Int+3} (You found it on level 3 of the Lair of Beasts)
 23076 | Lair:5   | Received a gift from Okawaru
 23095 | Lair:5   | Found a hole to the Spider Nest.
 23471 | Lair:5   | Noticed an eight-headed hydra
 23474 | Lair:5   | Reached XP level 12. HP: 66/78 MP: 21/21
 23527 | Lair:5   | Noticed Maud
 23581 | Lair:6   | Received a gift from Okawaru
 23810 | Lair:6   | Received a gift from Okawaru
 23977 | Lair:5   | Killed an eight-headed hydra
 23977 | Lair:5   | Reached skill level 5 in Spellcasting
 25174 | Lair:4   | Learned a level 5 spell: Dispel Undead
 25565 | Lair:5   | Noticed a four-headed hydra
 25932 | Lair:6   | Found a staircase to the Swamp.
 25985 | Lair:6   | Noticed a seven-headed hydra
 25994 | Lair:6   | Killed a seven-headed hydra
 26521 | Lair:6   | Noticed a seven-headed hydra
 26549 | Lair:5   | Received a gift from Okawaru
 26795 | Lair:6   | Killed a seven-headed hydra
 26795 | Lair:6   | Reached skill level 13 in Bows
 27914 | Lair:7   | Noticed a seven-headed hydra
 27920 | Lair:7   | Killed a seven-headed hydra
 28196 | Lair:7   | Noticed a seven-headed hydra
 28213 | Lair:7   | Killed a seven-headed hydra
 28709 | Lair:7   | Found a staircase to the Slime Pits.
 29308 | Lair:7   | Received a gift from Okawaru
 29457 | Lair:8   | Entered Level 8 of the Lair of Beasts
 29685 | Lair:8   | Reached XP level 13. HP: 58/86 MP: 24/24
 30032 | Lair:8   | Reached skill level 5 in Dodging
 31446 | Lair:7   | Slain by an elephant

Action                   |  1- 3 |  4- 6 |  7- 9 | 10-12 | 13-15 || total
-------------------------+-------+-------+-------+-------+-------++-------
Melee: Short sword       |   123 |       |       |       |       ||   123
       Mace              |     5 |   162 |   445 |  1056 |    49 ||  1717
       Flail             |       |       |    46 |   107 |       ||   153
 Fire: Bow               |    23 |    40 |   169 |   287 |       ||   519
       Longbow           |       |       |       |   303 |   125 ||   428
 Cast: Agony             |       |       |       |    19 |    10 ||    29
Invok: Heroism           |       |       |       |     9 |     3 ||    12
Evoke: Wand              |       |       |    11 |    48 |     6 ||    65
       Miscellaneous     |       |       |       |     1 |     1 ||     2
  Use: Scroll            |     4 |     2 |     7 |    25 |     1 ||    39
 Stab: Sleeping          |       |     1 |     1 |       |       ||     2
       Paralysed         |       |       |     2 |       |       ||     2
